 Dungeon Crawl Stone Soup version 0.24.0-123-gd5b16e6ec5 (webtiles) character file.

Game seed: 8486664199463884618, levelgen mode: deterministic

98 Elellon the Chopper (level 4, 0/40 HPs)
             Began as a Hill Orc Fighter on Jan 7, 2020.
             Slain by Sigmund
             ... wielding a +0 scythe
              (11 damage)
             ... on level 2 of the Dungeon.
             The game lasted 00:04:33 (1300 turns).

Elellon the Chopper (Hill Orc Fighter)              Turns: 1300, Time: 00:04:34

Health: 0/40       AC:  8    Str: 19    XL:     4   Next: 69%
Magic:  4/4        EV:  7    Int:  8    God:
Gold:   59         SH:  0    Dex: 10    Spells: 3/3 levels left

rFire    . . .     SeeInvis .   a - +0 war axe
rCold    . . .     Gourm    .   c - +0 shield
rNeg     . . .     Faith    .   b - +0 scale mail
rPois    .         Spirit   .   t - +0 helmet
rElec    .         Reflect  .   (no cloak)
rCorr    .         Harm     .   (no gloves)
MR       .....                  (no boots)
Stlth    ..........             (no amulet)
HPRegen  0.13/turn              (no ring)
MPRegen  0.09/turn              (no ring)

@: confused
A: no striking features
a: no special abilities


You were on level 2 of the Dungeon.
You were not hungry.

You visited 1 branch of the dungeon, and saw 2 of its levels.

You collected 59 gold pieces.

Inventory:

Hand Weapons
 a - a +0 war axe (weapon)
 s - a +3 hand axe
Armour
 b - a +0 scale mail (worn)
 c - a +0 shield (worn)
 n - a +0 plate armour
 t - a +0 helmet (worn)
Jewellery
 i - an uncursed ring of positive energy {unknown}
 p - an uncursed amulet of faith {unknown}
Scrolls
 e - 3 scrolls of magic mapping {unknown}
 k - a scroll of enchant weapon {unknown}
 l - a scroll of remove curse {unknown}
 m - a scroll of identify {unknown}
 o - a scroll of immolation {unknown}
 r - a scroll of blinking {unknown}
 u - a scroll of fog {unknown}
Potions
 d - a potion of might
 h - a potion of haste {unknown}
 j - a potion of brilliance {unknown}
 q - 2 potions of curing {unknown}
Comestibles
 f - a ration
 g - 4 chunks of flesh


   Skills:
 + Level 4.1 Fighting
 * Level 5.1 Axes
 + Level 3.8 Armour
 + Level 3.7 Shields


You had 3 spell levels left.
You didn't know any spells.
Your spell library was empty.

Dungeon Overview and Level Annotations

Branches:
Dungeon (2/15)

Altars:
Hepliaklqana

Annotations:
D:2 Sigmund


Message History

You hit Sigmund.
Sigmund is severely wounded.
You closely miss Sigmund.
Sigmund is severely wounded.
Sigmund gestures wildly while chanting.
Sigmund flickers and vanishes!
Deactivating autopickup; reactivate with Ctrl-A.
You hear some strange, mumbled words.
You are confused.
Something hits you!
You bump into the rock wall.
You bump into the rock wall.
You hear some strange, mumbled words.
A puff of flame appears from out of thin air!
The puff of flame hits you but does no damage.
Something hits you!
* * * LOW HITPOINT WARNING * * *
Some of the chunks of flesh in your inventory have rotted away.
You bump into the rock wall.
Something hits you!
You die...

.... #####... ##......###
#. .........#
#.####.........
#....#!........ ##
#.>............ .##
#.##(.......##.. #
#....@...........#..#
.##.###...#######.....#..#
......#...# ### #.##.....##
..........#######..#.......
...###.#..'.._..'........#.
...##.###.###..#..[..##
#.## #.# #.# #..#.....## #.
#.###'###..#.....## .
#.........#.).##.รท.


There were no monsters in sight!

Vanquished Creatures
  Jessica (D:2)
  Robin (D:2)
  A gnoll (D:1)
  A dart slug (D:1)
  A leopard gecko (D:2)
  2 giant cockroaches (D:1)
  8 hobgoblins
  3 kobolds (D:1)
  A ball python (D:1)
  2 bats
  3 frilled lizards (D:1)
  16 goblins
  6 rats
46 creatures vanquished.

Notes
Turn   | Place    | Note
-------+----------+-------------------------------------------
     0 | D:1      | Elellon the Hill Orc Fighter began the quest for the Orb.
     0 | D:1      | Reached XP level 1. HP: 19/19 MP: 1/1
   124 | D:1      | Reached skill level 3 in Axes
   129 | D:1      | Reached XP level 2. HP: 15/27 MP: 2/2
   422 | D:1      | Reached XP level 3. HP: 31/33 MP: 3/3
  1033 | D:2      | Reached skill level 4 in Axes
  1063 | D:2      | Noticed Robin
  1204 | D:2      | Killed Robin
  1204 | D:2      | Reached XP level 4. HP: 31/40 MP: 4/4
  1255 | D:2      | Noticed Jessica
  1260 | D:2      | Killed Jessica
  1260 | D:2      | Reached skill level 5 in Axes
  1268 | D:2      | Found a hazy altar of Hepliaklqana.
  1287 | D:2      | Noticed Sigmund
  1300 | D:2      | Slain by Sigmund

Levels and vault maps discovered:
D:1:      saegor_arrival_simple_b, layout_basic
D:2:      minmay_angry_zag, layout_rooms, lemuel_doored_altar, tso_metal_star,
          uniq_sigmund, uniq_jessica, uniq_robin

Skill      XL: |  1  2  3  4 |
---------------+-------------+-----
Axes           | 3 4 5 |  5.1
Fighting       | 4 |  4.1
Armour         | |  3.8
Shields        | |  3.7

Action                   |  1- 3 |  4- 6 || total
-------------------------+-------+-------++-------
Melee: War axe           |   129 |    12 ||   141
  Eat: Chunk             |     1 |     1 ||     2
Armor: Scale mail        |    50 |     4 ||    54
Dodge: Dodged            |    24 |     5 ||    29
Block: Shield            |    51 |     6 ||    57
